[Event "Titled Tuesday Blitz February 07 Early 2023"]
[White "Plazuelo Pascual, Juan"]
[Black "Khamdamova, Afruza"]
[WhiteFideId "32059566"]
[BlackFideId "14210444"]
[WhiteElo "2449"]
[BlackElo "2162"]
[Result "1-0"]
[Round "09"]
[TimeControl "180+2"]
[Date "2023.02.07"]
[WhiteClock "0:00:03"]
[BlackClock "0:00:02"]

1. e4 e5 2. Nf3 Nf6 3. d4 Nxe4 4. Bd3 d5 5. Nxe5 Nd7 6. Nxd7 Bxd7 7. Nd2 Nf6 8. O-O Be7 9. Re1 O-O 10. h3 Re8 11. Nf3 h6 12. Ne5 Be6 13. Qf3 c6 14. Qg3 Nh5 15. Qf3 Nf6 16. c3 Nd7 17. Ng6 Bf6 18. Nf4 Nf8 19. Nxe6 Rxe6 20. Bd2 Qb6 21. b3 Rae8 22. Rxe6 Rxe6 23. Bf5 Re8 24. Bc2 Qd8 25. g3 Bg5 26. Bxg5 Qxg5 27. Rd1 Nd7 28. Kg2 Nf6 29. h4 Qg4 30. Qxg4 Nxg4 31. Bd3 Nf6 32. a4 Ne4 33. Rc1 Nd6 34. a5 a6 35. f3 Kf8 36. Kf2 Re7 37. c4 dxc4 38. bxc4 Ne8 39. Rb1 Nf6 40. Bf5 Ke8 41. Bc8 Kd8 42. Bxb7 Rc7 43. Bxa6 Ra7 44. Bb7 Kc7 45. a6 Nd7 46. Re1 Kd8 47. g4 c5 48. Rd1 Kc7 49. d5 Kd6 50. Rb1 Ne5 51. Bc8 Nxc4 52. Rb8 Rxa6 53. Bxa6 Kc7 54. Rb7+ 1-0


[Site "https://www.chess.com"]

[Event "Titled Tuesday Blitz February 07 Early 2023"]
[White "Karttunen, Mika"]
[Black "Toczek, Grzegorz"]
[WhiteFideId "502081"]
[BlackFideId "1106457"]
[WhiteElo "2490"]
[BlackElo "2260"]
[Result "0-1"]
[Round "09"]
[TimeControl "180+2"]
[Date "2023.02.07"]
[WhiteClock "0:00:02"]
[BlackClock "0:00:16"]

1. e4 d5 2. exd5 Qxd5 3. Nc3 Qd6 4. d4 Nf6 5. Nf3 a6 6. g3 Bg4 7. Bg2 Nbd7 8. h3 Bh5 9. Bf4 Qb6 10. O-O O-O-O 11. Qe2 e6 12. Na4 Qa5 13. b3 Bd6 14. Bd2 Bb4 15. c3 Bd6 16. c4 Bb4 17. Bf4 Rhe8 18. g4 Bg6 19. Ne5 Nxe5 20. Bxe5 Nd7 21. Qf3 c6 22. Bg3 Nf6 23. a3 Bd6 24. Bxd6 Rxd6 25. c5 Rxd4 26. Nb6+ Kb8 27. b4 Qb5 28. Qg3+ e5 29. Rfd1 Rxd1+ 30. Rxd1 Qe2 31. Rd6 Ne4 32. Bxe4 Bxe4 33. Kh2 Qf1 34. Qg1 Qe2 35. Rd7 Qf3 36. Nc4 h5 37. Nd6 hxg4 38. Rxb7+ Ka8 39. h4 Qh3# 0-1


[Site "https://www.chess.com"]

[Event "Titled Tuesday Blitz February 07 Early 2023"]
[White "Lymar, Vladislav"]
[Black "Iljin, Timofey"]
[WhiteFideId "14162180"]
[BlackFideId "14110180"]
[WhiteElo "2119"]
[BlackElo "2329"]
[Result "1-0"]
[Round "09"]
[TimeControl "180+2"]
[Date "2023.02.07"]
[WhiteClock "0:00:15"]
[BlackClock "0:00:25"]

1. e4 d5 2. exd5 Nf6 3. d4 Bg4 4. Be2 Bxe2 5. Nxe2 Qxd5 6. O-O Nc6 7. Nbc3 Qh5 8. b4 Kd8 9. b5 Nb4 10. a3 Nbd5 11. Nxd5 Qxd5 12. Bf4 e6 13. c4 Qf5 14. Bg3 h5 15. h3 h4 16. Bh2 g5 17. f3 Bd6 18. Bxd6 cxd6 19. c5 Rc8 20. Rc1 Nd5 21. Qd2 Ke7 22. cxd6+ Kxd6 23. Qa5 Qd3 24. Rxc8 Rxc8 25. Nc1 Rxc1 26. Qd8# 1-0


[Site "https://www.chess.com"]

[Event "Titled Tuesday Blitz February 07 Early 2023"]
[White "Ramirez Allo, Eduardo"]
[Black "Ambartsumova, Karina"]
[WhiteFideId "2224178"]
[BlackFideId "4166299"]
[WhiteElo "2274"]
[BlackElo "2393"]
[Result "0-1"]
[Round "09"]
[TimeControl "180+2"]
[Date "2023.02.07"]
[WhiteClock "0:00:07"]
[BlackClock "0:00:05"]

1. Nf3 Nf6 2. g3 g6 3. Bg2 Bg7 4. O-O O-O 5. d4 d6 6. c4 c6 7. Nc3 Bf5 8. Ng5 h6 9. e4 Bg4 10. Nf3 e5 11. d5 Na6 12. h3 Bxf3 13. Qxf3 cxd5 14. cxd5 Rc8 15. Be3 Nc5 16. Rfc1 a6 17. Qe2 Qa5 18. Rab1 Qb4 19. Qd2 Na4 20. Nxa4 Qxa4 21. b3 Qa3 22. f3 Kh7 23. h4 Nd7 24. Bh3 Rxc1+ 25. Qxc1 Qxc1+ 26. Rxc1 Nc5 27. Bxc5 dxc5 28. Rxc5 Kg8 29. Rc7 Rb8 30. Bc8 b5 31. Bxa6 b4 32. d6 Bf6 33. Bc4 Rf8 34. Kf2 Bd8 35. Rd7 Bb6+ 36. Ke2 Kg7 37. Rb7 Bc5 38. d7 Rd8 39. Bd5 Be7 40. Kd3 f6 41. Kc4 h5 42. Kb5 g5 43. Kc6 gxh4 44. gxh4 f5 45. Kc7 Bxh4 46. exf5 Bf6 47. Rb8 Rxb8 48. Kxb8 h4 49. Kc8 h3 50. f4 exf4 51. d8=Q Bxd8 52. Kxd8 Kf6 53. Be4 Ke5 54. f6 Kxf6 55. Kd7 Ke5 56. Bh1 Kd4 57. Ke6 Ke3 58. Kf5 f3 59. Kg4 f2 60. Bg2 hxg2 0-1


[Site "https://www.chess.com"]

[Event "Titled Tuesday Blitz February 07 Early 2023"]
[White "Kaplan, Avi Harrison"]
[Black "Cori T., Deysi"]
[WhiteFideId "30934559"]
[BlackFideId "3801934"]
[WhiteElo "2146"]
[BlackElo "2362"]
[Result "0-1"]
[Round "09"]
[TimeControl "180+2"]
[Date "2023.02.07"]
[WhiteClock "0:00:05"]
[BlackClock "0:02:33"]

1. a3 g6 2. c4 Bg7 3. e4 c5 4. f4 Nc6 5. Nc3 d6 6. d3 h5 7. h3 h4 8. Nf3 Nf6 9. Be2 Nh5 10. O-O Ng3 11. Re1 Nd4 12. Nxd4 Bxd4+ 13. Kh2 e5 14. Qc2 exf4 15. Bxf4 g5 16. Bd2 Be5 17. Kg1 g4 18. Bxg4 Bxg4 19. hxg4 h3 20. Qa4+ Kf8 21. gxh3 Rxh3 22. g5 Qc8 23. Qd1 Rh1+ 24. Kg2 Qh3+ 25. Kf2 Rh2+ 26. Ke3 Nf5# 0-1


[Site "https://www.chess.com"]

[Event "Titled Tuesday Blitz February 07 Early 2023"]
[White "Marn, Jan"]
[Black "Kopczynski, Michal"]
[WhiteFideId "14619245"]
[BlackFideId "1124200"]
[WhiteElo "2345"]
[BlackElo "2225"]
[Result "0-1"]
[Round "09"]
[TimeControl "180+2"]
[Date "2023.02.07"]
[WhiteClock "0:00:47"]
[BlackClock "0:01:10"]

1. d4 Nf6 2. Nf3 g6 3. Nbd2 Bg7 4. e4 d6 5. Bb5+ c6 6. Bd3 O-O 7. O-O Nfd7 8. Re1 e5 9. dxe5 dxe5 10. b4 h6 11. Bb2 Qe7 12. Nc4 b5 13. Ne3 Nb6 14. a3 Na4 15. Qc1 Nxb2 16. Qxb2 Nd7 17. c4 a6 18. c5 f5 19. exf5 e4 20. Qa2+ Kh8 21. fxg6 exf3 22. Nf5 Qg5 23. g3 Rxf5 24. Bxf5 Qxf5 25. Re8+ Nf8 26. Kh1 Be6 0-1


[Site "https://www.chess.com"]

[Event "Titled Tuesday Blitz February 07 Early 2023"]
[White "Valle Maytin, Luis Enrique"]
[Black "Czopor, Maciej"]
[WhiteFideId "3503666"]
[BlackFideId "21805431"]
[WhiteElo "2241"]
[BlackElo "2385"]
[Result "0-1"]
[Round "09"]
[TimeControl "180+2"]
[Date "2023.02.07"]
[WhiteClock "0:00:05"]
[BlackClock "0:00:09"]

1. e4 g6 2. d4 Bg7 3. f4 c6 4. Nc3 b5 5. a3 d6 6. Nf3 Nd7 7. Bd3 Nb6 8. Qe2 Bg4 9. Be3 Nf6 10. h3 Bxf3 11. Qxf3 O-O 12. Ne2 e5 13. dxe5 dxe5 14. f5 Qc7 15. O-O Nfd7 16. Ng3 Na4 17. b3 Nac5 18. Bg5 Nxd3 19. cxd3 f6 20. Be3 Qd6 21. Rfd1 Rf7 22. d4 exd4 23. Rxd4 Qc7 24. Rad1 Bf8 25. fxg6 hxg6 26. Rxd7 Rxd7 27. Rxd7 Qxd7 28. Qxf6 Qd6 29. Qg5 Bg7 30. Bf4 Qe6 31. e5 Rf8 32. Kh2 c5 33. h4 Qf7 34. h5 Qxf4 35. Qxg6 Qh4+ 36. Kg1 Qd4+ 37. Kh2 Qh4+ 38. Kg1 Qf4 39. h6 Qxh6 40. Qg4 Qe3+ 41. Kh2 Qxe5 42. Kg1 Qd4+ 43. Qxd4 Bxd4+ 44. Kh2 Be5 45. Kh3 Bxg3 46. Kxg3 c4 47. Kg4 cxb3 0-1


[Site "https://www.chess.com"]

[Event "Titled Tuesday Blitz February 07 Early 2023"]
[White "Devaev, Alexander"]
[Black "Ozates, Tuna"]
[WhiteFideId "4169395"]
[BlackFideId "6354521"]
[WhiteElo "2325"]
[BlackElo "2251"]
[Result "1-0"]
[Round "09"]
[TimeControl "180+2"]
[Date "2023.02.07"]
[WhiteClock "0:00:04"]
[BlackClock "0:01:22"]

1. d4 Nf6 2. c4 e6 3. Nf3 d5 4. Nc3 c5 5. cxd5 Nxd5 6. e4 Nxc3 7. bxc3 cxd4 8. cxd4 Bb4+ 9. Bd2 Bxd2+ 10. Qxd2 O-O 11. Bc4 b6 12. O-O Bb7 13. Rfe1 Nc6 14. Rad1 Rc8 15. d5 exd5 16. Bxd5 Qe7 17. h4 Na5 18. Qf4 Bxd5 19. exd5 Qd7 20. d6 Rfe8 21. Ne5 Rxe5 22. Qxe5 Rd8 23. h5 f6 24. Qg3 Nc6 25. h6 g6 26. Kh2 Ne5 27. Rxe5 fxe5 28. Qxe5 Qg4 29. Rd4 Qh5+ 30. Qxh5 gxh5 31. Kg3 Kf7 32. Kh4 Ke6 33. Kxh5 Rxd6 34. Rg4 b5 35. Rg7 Rd7 36. Rg8 Kd5 37. f4 b4 38. Rb8 Kc4 39. g4 a5 40. f5 a4 41. g5 Rd5 42. Kg4 Rb5 43. Rxb5 Kxb5 44. f6 b3 45. axb3 a3 46. f7 a2 47. f8=Q a1=Q 48. Qb8+ Kc6 49. Qc8+ Kd6 50. Qf8+ Kd7 51. Qg7+ 1-0


[Site "https://www.chess.com"]

[Event "Titled Tuesday Blitz February 07 Early 2023"]
[White "Reprintsev, Alexander"]
[Black "Degenbaev, Aziz"]
[WhiteFideId "14100541"]
[BlackFideId "13802640"]
[WhiteElo "2253"]
[BlackElo "2203"]
[Result "0-1"]
[Round "09"]
[TimeControl "180+2"]
[Date "2023.02.07"]
[WhiteClock "0:02:11"]
[BlackClock "0:01:46"]

1. e4 c5 2. b3 g6 3. Bb2 Nf6 4. g4 Bg7 5. g5 Nh5 6. Bxg7 Nxg7 7. Nc3 Nc6 8. Qf3 Nd4 9. Qd3 O-O 10. Nge2 Nc6 11. h4 Nb4 12. Qc4 Nxc2+ 13. Kd1 Nxa1 14. Qxc5 d6 15. Qa3 a6 16. Qb2 Nxb3 17. axb3 Bg4 18. Bg2 Rc8 19. f3 Bd7 20. Ng3 e5 21. h5 Qxg5 22. Bh3 Qxg3 23. Bxd7 Qxf3+ 24. Kc2 Qxh1 25. Bxc8 Rxc8 26. Qa3 Qxe4+ 27. Kb2 Qd4 0-1


[Site "https://www.chess.com"]

[Event "Titled Tuesday Blitz February 07 Early 2023"]
[White "Ilinca Ilinca, Felix Antonio"]
[Black "Kumala, Aleksander"]
[WhiteFideId "54764998"]
[BlackFideId "1141880"]
[WhiteElo "2266"]
[BlackElo "2165"]
[Result "1-0"]
[Round "09"]
[TimeControl "180+2"]
[Date "2023.02.07"]
[WhiteClock "0:00:39"]
[BlackClock "0:00:04"]

1. e4 e5 2. Nc3 Nf6 3. Bc4 Nxe4 4. Qh5 Nd6 5. Bb3 Nc6 6. Nb5 g6 7. Qf3 f5 8. Qd5 Qf6 9. Nxc7+ Kd8 10. Nxa8 b5 11. d3 Bb7 12. Nf3 Nd4 13. Qc5 Nxf3+ 14. gxf3 Bxa8 15. Bd5 Bxd5 16. Qxd5 g5 17. Bd2 Bg7 18. a4 Ke7 19. axb5 Rc8 20. c4 g4 21. Bb4 e4 22. Ra6 exd3 23. Rxd6 d2+ 24. Kd1 Qxb2 25. Rxd7+ Kf6 26. Qf7+ Kg5 27. Qxg7+ Qxg7 28. Rxg7+ Kf4 29. fxg4 Rxc4 30. Bxd2+ Kf3 31. gxf5 a6 32. bxa6 Ra4 33. a7 h5 34. Kc2 h4 35. Kb2 h3 36. Ra1 Re4 37. a8=Q Kxf2 38. Rg2+ hxg2 39. Qxe4 g1=N 40. Qe3+ Kg2 41. Rxg1+ Kxh2 42. Qg3# 1-0


[Site "https://www.chess.com"]

[Event "Titled Tuesday Blitz February 07 Early 2023"]
[White "Bowden, Karl"]
[Black "Belov, Alexei"]
[WhiteFideId "400548"]
[BlackFideId "4128206"]
[WhiteElo "2348"]
[BlackElo "2421"]
[Result "0-1"]
[Round "09"]
[TimeControl "180+2"]
[Date "2023.02.07"]
[WhiteClock "0:00:01"]
[BlackClock "0:00:30"]

1. e4 e6 2. d3 d5 3. Qe2 Nf6 4. e5 Nfd7 5. Nf3 c5 6. g3 Nc6 7. Bg2 Qc7 8. Bf4 h6 9. h4 b5 10. c4 bxc4 11. dxc4 Ba6 12. Na3 Nb6 13. b3 Nd4 14. Nxd4 cxd4 15. Nc2 Bc5 16. O-O Rd8 17. a4 dxc4 18. Na3 Bxa3 19. Rxa3 Nd5 20. bxc4 Bxc4 21. Qg4 Nxf4 22. gxf4 O-O 23. Rc1 d3 24. Rd1 d2 25. Rc3 Rd4 26. Rg3 f5 27. exf6 Rxf6 28. Qf3 Bd5 29. Qe3 Qc1 0-1


[Site "https://www.chess.com"]

[Event "Titled Tuesday Blitz February 07 Early 2023"]
[White "Sanchez, Robert"]
[Black "Golubev, Mikhail"]
[WhiteFideId "2034360"]
[BlackFideId "14100983"]
[WhiteElo "1966"]
[BlackElo "2461"]
[Result "0-1"]
[Round "09"]
[TimeControl "180+2"]
[Date "2023.02.07"]
[WhiteClock "0:00:13"]
[BlackClock "0:00:31"]

1. e4 c5 2. Nf3 d6 3. d4 cxd4 4. Nxd4 Nf6 5. Nc3 g6 6. Be3 Bg7 7. f3 a6 8. Qd2 h5 9. O-O-O Nbd7 10. Kb1 b5 11. Nd5 Bb7 12. Nb3 Bxd5 13. exd5 Nb6 14. Bxb6 Qxb6 15. Na5 O-O 16. Nc6 e5 17. Be2 e4 18. f4 Rfe8 19. f5 e3 20. Qd3 Ne4 21. fxg6 fxg6 22. Bf3 Nd2+ 23. Ka1 Nxf3 24. gxf3 e2 25. Rde1 Qe3 26. Qxg6 Qh6 27. Qf5 Re3 28. a3 Qf6 29. Qxf6 Bxf6 30. Rhg1+ Kf7 31. Rg2 Rae8 32. c3 Bh4 0-1


[Site "https://www.chess.com"]

[Event "Titled Tuesday Blitz February 07 Early 2023"]
[White "Decuigniere, Tom"]
[Black "Dudzinski, Pawel"]
[WhiteFideId "26093820"]
[BlackFideId "1117890"]
[WhiteElo "2382"]
[BlackElo "2186"]
[Result "0-1"]
[Round "09"]
[TimeControl "180+2"]
[Date "2023.02.07"]
[WhiteClock "0:00:05"]
[BlackClock "0:00:07"]

1. c4 e5 2. Nc3 c5 3. g3 Nc6 4. Bg2 g6 5. e3 Bg7 6. Nge2 Nge7 7. O-O Rb8 8. a3 a6 9. Rb1 b5 10. cxb5 axb5 11. b4 cxb4 12. axb4 d5 13. Qb3 Be6 14. d4 exd4 15. exd4 O-O 16. Rd1 Nf5 17. Bxd5 Ncxd4 18. Nxd4 Bxd5 19. Qxd5 Nxd4 20. Be3 Qxd5 21. Nxd5 Ne6 22. Rbc1 Rfd8 23. Ba7 Ra8 24. Bb6 Rdb8 25. Be3 Rb7 26. Rc6 Rd8 27. Rxe6 fxe6 28. Ne7+ Kf7 29. Rxd8 Kxe7 30. Rc8 Kd6 31. Bc5+ Kd5 32. Kf1 Kc4 33. Ke2 Bc3 34. Bd6+ Kb3 35. Re8 Bxb4 36. Bxb4 Kxb4 37. Rxe6 Kc3 38. Re3+ Kc2 39. Rd3 b4 40. Rd2+ Kc3 41. Rd3+ Kc4 42. Rd1 b3 43. Rb1 Kc3 44. Kd1 Rd7+ 45. Kc1 Re7 46. Kd1 b2 47. h4 h5 48. f3 Re3 49. g4 hxg4 50. fxg4 Rh3 51. Ke2 Kc2 52. Rh1 Rxh1 0-1


[Site "https://www.chess.com"]

[Event "Titled Tuesday Blitz February 07 Early 2023"]
[White "Kleiman, Jake"]
[Black "Forgacs, Attila Jr."]
[WhiteFideId "2020041"]
[BlackFideId "773654"]
[WhiteElo "2399"]
[BlackElo "2264"]
[Result "1-0"]
[Round "09"]
[TimeControl "180+2"]
[Date "2023.02.07"]
[WhiteClock "0:01:04"]
[BlackClock "0:00:29"]

1. e4 e5 2. Nf3 Nc6 3. Bb5 a6 4. Bxc6 dxc6 5. O-O Bg4 6. d3 Bd6 7. Nbd2 c5 8. h3 Bh5 9. Nc4 f6 10. b3 Ne7 11. Bb2 Nc6 12. Ne3 g5 13. Ng4 Bxg4 14. hxg4 Qd7 15. Nh2 O-O-O 16. Qf3 Qg7 17. g3 Nd4 18. Bxd4 exd4 19. Kg2 Qf7 20. Rh1 Be5 21. Qf5+ Kb8 22. Nf3 Qd7 23. Qxd7 Rxd7 24. Rh6 Rf7 25. Rah1 Bd6 26. Ng1 Kc8 27. Ne2 Kd7 28. f4 gxf4 29. gxf4 Rg8 30. Kf3 Rgg7 31. Ng3 b5 32. Nf5 Rg6 33. Rxh7 Rxh7 34. Rxh7+ Kc6 35. Rg7 Rxg7 36. Nxg7 c4 37. Nf5 cxd3 38. cxd3 Bc5 39. g5 fxg5 40. fxg5 Kd7 41. g6 Ke8 42. e5 Bb6 43. Ke4 c5 44. Kd5 Kf8 45. e6 Bd8 46. Kxc5 Bf6 47. Kd6 a5 48. Kd7 a4 49. g7+ Kg8 50. e7 Bxe7 51. Kxe7 a3 52. Kf6 b4 53. Ne7+ Kh7 54. g8=Q+ Kh6 55. Qg6# 1-0


[Site "https://www.chess.com"]

[Event "Titled Tuesday Blitz February 07 Early 2023"]
[White "Leenhouts, Koen"]
[Black "Babikov, Ivan"]
[WhiteFideId "1008439"]
[BlackFideId "4161106"]
[WhiteElo "2447"]
[BlackElo "2239"]
[Result "0-1"]
[Round "09"]
[TimeControl "180+2"]
[Date "2023.02.07"]
[WhiteClock "0:00:16"]
[BlackClock "0:00:06"]

1. e4 c6 2. d4 d5 3. e5 Bf5 4. Nc3 e6 5. g4 Bg6 6. Nge2 Nd7 7. h4 h6 8. f4 Ne7 9. Be3 c5 10. h5 Bh7 11. Qd2 Nc6 12. Bg2 Be7 13. O-O cxd4 14. Nxd4 Nxd4 15. Bxd4 Bc5 16. Ne2 Rc8 17. c3 Qh4 18. Bf3 Bxd4+ 19. Nxd4 Qg3+ 20. Kh1 Nc5 21. Rf2 Ne4 22. Rg2 Qh3+ 23. Rh2 Qg3 24. Qe3 Nxc3 25. bxc3 Be4 26. Rc1 Rc4 27. Rg2 Qh3+ 28. Rh2 Qg3 29. Rg2 Qh3+ 30. Kg1 O-O 31. Qe2 Rxd4 32. cxd4 Bxf3 33. Qf2 Bxg2 34. Rc7 Qh1# 0-1


[Site "https://www.chess.com"]

[Event "Titled Tuesday Blitz February 07 Early 2023"]
[White "Omelja, Artem"]
[Black "Foerster-Yialamas, Lucas"]
[WhiteFideId "14119846"]
[BlackFideId "30901774"]
[WhiteElo "2446"]
[BlackElo "2151"]
[Result "0-1"]
[Round "09"]
[TimeControl "180+2"]
[Date "2023.02.07"]
[WhiteClock "0:00:01"]
[BlackClock "0:00:31"]

1. e4 c6 2. Ne2 d5 3. e5 d4 4. f4 f6 5. exf6 Nxf6 6. d3 c5 7. Nd2 b6 8. Nf3 Bb7 9. Ng3 e6 10. Be2 Bd6 11. O-O O-O 12. Ng5 Qd7 13. Bf3 Nc6 14. N5e4 Rae8 15. Nxd6 Qxd6 16. Ne4 Nxe4 17. Bxe4 e5 18. Qh5 g6 19. Qg5 Kg7 20. Bd2 Na5 21. Bxb7 Nxb7 22. f5 Qf6 23. Qh6+ Kg8 24. Rae1 gxf5 25. Qh3 f4 26. Kh1 Kh8 27. g3 Nd6 28. gxf4 exf4 29. Rxe8 Rxe8 30. Bxf4 Nf5 31. Qg4 Ne3 32. Qf3 Nxf1 33. Qxf1 Rg8 34. Qf2 Qc6+ 0-1


[Site "https://www.chess.com"]

[Event "Titled Tuesday Blitz February 07 Early 2023"]
[White "Borrmann, Laurenz"]
[Black "Jakubowska, Anna"]
[WhiteFideId "312187930"]
[BlackFideId "1121952"]
[WhiteElo "2304"]
[BlackElo "2139"]
[Result "1-0"]
[Round "09"]
[TimeControl "180+2"]
[Date "2023.02.07"]
[WhiteClock "0:00:05"]
[BlackClock "0:00:01"]

1. e4 Nf6 2. e5 Nd5 3. d4 d6 4. c4 Nb6 5. f4 dxe5 6. fxe5 Nc6 7. Be3 Bf5 8. Nc3 e6 9. Nf3 Bg4 10. Be2 Bxf3 11. gxf3 Be7 12. O-O f6 13. f4 O-O 14. d5 Na5 15. b3 exd5 16. cxd5 fxe5 17. fxe5 Rxf1+ 18. Bxf1 Bb4 19. Bxb6 axb6 20. Ne4 Qh4 21. Bg2 Rd8 22. Qe2 Kh8 23. Rd1 Bc5+ 24. Nxc5 bxc5 25. d6 cxd6 26. exd6 Nc6 27. Bxc6 bxc6 28. d7 h6 29. Kh1 Kh7 30. Qd3+ Kg8 31. Qf5 Qe7 32. a4 Qe2 33. Qd3 Qxd3 34. Rxd3 Kf7 35. Rd6 Ke7 36. Rxc6 Rxd7 37. Rxc5 Rd2 38. Rb5 Ra2 39. a5 Kd6 40. b4 Kc6 41. Rb6+ Kd5 42. a6 g5 43. b5 h5 44. Rb7 h4 45. a7 h3 46. Kg1 g4 47. b6 g3 48. hxg3 Ke4 49. Rf7 h2+ 50. Kh1 Ra1+ 51. Kxh2 1-0


[Site "https://www.chess.com"]

[Event "Titled Tuesday Blitz February 07 Early 2023"]
[White "Ljukin, Sergei"]
[Black "Mouhamad, Joachim"]
[WhiteFideId "14102200"]
[BlackFideId "656410"]
[WhiteElo "2362"]
[BlackElo "2238"]
[Result "1-0"]
[Round "09"]
[TimeControl "180+2"]
[Date "2023.02.07"]
[WhiteClock "0:00:18"]
[BlackClock "0:00:06"]

1. e4 c5 2. Nf3 Nc6 3. d4 cxd4 4. Nxd4 g6 5. c4 Bg7 6. Be3 Nf6 7. Nc3 d6 8. Be2 O-O 9. O-O Bd7 10. h3 Nxd4 11. Bxd4 Bc6 12. Bf3 a5 13. b3 Nd7 14. Bxg7 Kxg7 15. Rc1 Qb6 16. Bg4 Nc5 17. Qd4+ Kg8 18. Rfd1 a4 19. Rb1 axb3 20. axb3 Qb4 21. f4 Ra3 22. f5 Rxb3 23. Rxb3 Nxb3 24. Qd3 Ra8 25. Kh2 Qc5 26. Nd5 Bxd5 27. exd5 Ra3 28. Re1 Ra1 29. Rxa1 Nxa1 30. Qc3 Qa7 31. f6 exf6 32. Qxf6 Qa3 33. Be6 fxe6 34. dxe6 h5 35. Qf7+ Kh8 36. e7 1-0


[Site "https://www.chess.com"]

[Event "Titled Tuesday Blitz February 07 Early 2023"]
[White "Brilej, Jaka"]
[Black "Skurikhin, Dmitrij"]
[WhiteFideId "14618818"]
[BlackFideId "4161297"]
[WhiteElo "2321"]
[BlackElo "2297"]
[Result "1-0"]
[Round "09"]
[TimeControl "180+2"]
[Date "2023.02.07"]
[WhiteClock "0:01:51"]
[BlackClock "0:02:16"]

1. d4 Nf6 2. c4 g6 3. Nc3 d5 4. Nf3 Bg7 5. Bg5 Ne4 6. Bf4 Nxc3 7. bxc3 O-O 8. e3 c5 9. Qd2 cxd4 10. cxd4 Nc6 11. Rb1 Bg4 12. c5 Bxf3 13. gxf3 e5 14. dxe5 Nxe5 15. Bxe5 Bxe5 16. Rxb7 Qf6 17. Rb3 Qxf3 18. Rg1 Bxh2 19. Rg2 Be5 20. Rg5 f6 21. Bg2 fxg5 22. Bxf3 Rxf3 23. Qxd5+ 1-0


[Site "https://www.chess.com"]

[Event "Titled Tuesday Blitz February 07 Early 2023"]
[White "Andreev, Konstantin"]
[Black "Ingebretsen, Jens E"]
[WhiteFideId "24239305"]
[BlackFideId "1522965"]
[WhiteElo "2195"]
[BlackElo "2342"]
[Result "1-0"]
[Round "09"]
[TimeControl "180+2"]
[Date "2023.02.07"]
[WhiteClock "0:00:24"]
[BlackClock "0:00:17"]

1. e4 c5 2. Nf3 e6 3. d4 cxd4 4. Nxd4 Nf6 5. Nc3 Nc6 6. Ndb5 d6 7. Bf4 e5 8. Bg5 a6 9. Na3 b5 10. Nd5 Be7 11. Bxf6 Bxf6 12. c3 Rb8 13. Nc2 Bg5 14. a4 bxa4 15. Ncb4 Nxb4 16. cxb4 O-O 17. Qxa4 Be6 18. Bxa6 Bxd5 19. exd5 Qb6 20. b5 f5 21. O-O f4 22. Rac1 f3 23. Rc6 fxg2 24. Kxg2 Qd8 25. Qg4 Bf4 26. Qe6+ Kh8 27. Rxd6 Qh4 28. Qh3 Qxh3+ 29. Kxh3 Rf5 30. Rc6 Rh5+ 31. Kg4 Rxh2 32. b6 Rf8 33. Rc8 Rxc8 34. Bxc8 h5+ 35. Kf5 Rh3 36. b7 Rb3 37. d6 Kh7 38. d7 g6+ 39. Kf6 Rb6+ 40. Kf7 Bg5 41. Rg1 Bh4 42. Rxg6 Rxg6 43. d8=Q Bxd8 44. b8=Q Bc7 45. Qb3 Rg7+ 46. Ke6 e4 47. Kd5 e3 48. Bf5+ Kh6 49. Qxe3+ Rg5 50. Qe6+ Kg7 51. Qe7+ Kh6 52. Qf6+ Rg6 53. Bxg6 h4 54. Bf5+ Kh5 55. f3 h3 56. Bxh3 Bd8 57. Qg7 1-0


[Site "https://www.chess.com"]

[Event "Titled Tuesday Blitz February 07 Early 2023"]
[White "Kochetov, Andrey"]
[Black "Levitan, Caleb Levi"]
[WhiteFideId "24130532"]
[BlackFideId "14332620"]
[WhiteElo "2165"]
[BlackElo "2129"]
[Result "1-0"]
[Round "09"]
[TimeControl "180+2"]
[Date "2023.02.07"]
[WhiteClock "0:00:45"]
[BlackClock "0:00:02"]

1. e4 c5 2. Nf3 e6 3. d4 cxd4 4. Nxd4 a6 5. c4 Nf6 6. Nc3 Qc7 7. Be2 Bb4 8. Qd3 O-O 9. O-O b6 10. Nc2 Bxc3 11. bxc3 Bb7 12. f3 d6 13. Rd1 Rd8 14. Bf4 e5 15. Bxe5 Ne8 16. Ne3 Nc6 17. Bg3 Ne5 18. Qd2 Nf6 19. Nf5 Nxc4 20. Qg5 Ne8 21. h4 Ne5 22. h5 f6 23. Qe3 Qf7 24. f4 Nc4 25. Qd4 Nb2 26. Rdb1 d5 27. Rxb2 dxe4 28. Qxb6 Rab8 29. Qa7 Nd6 30. Nxd6 Rxd6 31. Qxb8+ 1-0


[Site "https://www.chess.com"]

[Event "Titled Tuesday Blitz February 07 Early 2023"]
[White "Skliarov, Viktor"]
[Black "Andrews, Todd"]
[WhiteFideId "14106736"]
[BlackFideId "2012456"]
[WhiteElo "2383"]
[BlackElo "2220"]
[Result "1-0"]
[Round "09"]
[TimeControl "180+2"]
[Date "2023.02.07"]
[WhiteClock "0:00:11"]
[BlackClock "0:00:21"]

1. e4 c5 2. Nf3 d6 3. d4 cxd4 4. Qxd4 a6 5. Be3 Nc6 6. Qd2 Nf6 7. Nc3 g6 8. O-O-O Bg7 9. e5 dxe5 10. Qxd8+ Nxd8 11. Nxe5 Be6 12. Be2 Rc8 13. Bf3 O-O 14. a4 Nc6 15. Nxc6 bxc6 16. Bc5 Rfe8 17. Rhe1 Nd7 18. Bd4 Nf6 19. h3 Red8 20. Kb1 c5 21. Be5 a5 22. Nb5 Nd5 23. Bxg7 Kxg7 24. Bxd5 Bxd5 25. g3 e6 26. h4 Bf3 27. Rd6 c4 28. Kc1 Bc6 29. Red1 Rxd6 30. Rxd6 Bxb5 31. axb5 Rb8 32. b6 Kf6 33. f4 Ke7 34. Rc6 Rb7 35. Kd2 Kd7 36. Rc7+ Rxc7 37. bxc7 Kxc7 38. Kc3 Kc6 39. Kxc4 f6 40. Kd4 Kd6 41. b3 e5+ 42. fxe5+ fxe5+ 43. Ke4 Ke6 44. c4 Kd6 45. g4 h6 46. h5 gxh5 47. gxh5 Ke6 48. c5 Kf6 49. c6 Ke6 50. c7 Kd7 51. Kxe5 Kxc7 52. Kf6 Kb6 53. Kg6 Kb5 54. Kxh6 Kb4 55. Kg6 Kxb3 56. h6 a4 57. h7 a3 58. h8=Q Ka2 59. Qc3 Kb1 60. Qxa3 Kc2 61. Qe3 Kb1 62. Kf5 Kc2 63. Ke4 Kb2 64. Qd3 1-0


[Site "https://www.chess.com"]

[Event "Titled Tuesday Blitz February 07 Early 2023"]
[White "Mazurkiewicz, Michal"]
[Black "Orzech, Dominik"]
[WhiteFideId "1124943"]
[BlackFideId "1115065"]
[WhiteElo "2145"]
[BlackElo "2308"]
[Result "1-0"]
[Round "09"]
[TimeControl "180+2"]
[Date "2023.02.07"]
[WhiteClock "0:00:15"]
[BlackClock "0:01:43"]

1. e4 c6 2. d3 d5 3. Nd2 Nf6 4. Ngf3 Bg4 5. h3 Bxf3 6. Qxf3 e6 7. g3 Nbd7 8. Bg2 g6 9. O-O Bg7 10. Qe2 O-O 11. e5 Ne8 12. d4 c5 13. c3 Qb6 14. Nf3 Nc7 15. Bf4 Rfc8 16. h4 cxd4 17. cxd4 Nb5 18. Qd2 Rc4 19. b3 Rc6 20. Rac1 Rac8 21. Be3 Nc3 22. Ng5 h6 23. Nh3 Ne4 24. Bxe4 dxe4 25. d5 Rxc1 26. Bxb6 Rxf1+ 27. Kxf1 axb6 28. dxe6 Nxe5 29. exf7+ Kxf7 30. Qd5+ Kf6 31. Nf4 Rc6 32. Qxe4 h5 33. b4 Kf7 34. b5 Rc7 35. Qd5+ Ke7 36. Qe6+ Kf8 37. Qd6+ Re7 38. Nd5 1-0


[Site "https://www.chess.com"]

[Event "Titled Tuesday Blitz February 07 Early 2023"]
[White "Tarasova, Viktoriya"]
[Black "Royal, Shreyas"]
[WhiteFideId "4175840"]
[BlackFideId "448869"]
[WhiteElo "2226"]
[BlackElo "2438"]
[Result "0-1"]
[Round "09"]
[TimeControl "180+2"]
[Date "2023.02.07"]
[WhiteClock "0:01:05"]
[BlackClock "0:00:57"]

1. d4 d5 2. c4 e6 3. Nc3 a6 4. cxd5 exd5 5. Bf4 Bd6 6. Bxd6 Qxd6 7. e3 c6 8. Bd3 Nf6 9. Nge2 O-O 10. O-O Be6 11. Ng3 Nbd7 12. Qc2 Rfe8 13. h3 g6 14. Rae1 h5 15. f4 h4 16. Nge2 Qf8 17. f5 gxf5 18. Bxf5 Qh6 19. Nf4 Qg5 20. Bxe6 fxe6 21. e4 e5 22. dxe5 Rxe5 23. Nd3 Rxe4 24. Nxe4 Nxe4 25. Rf4 Ne5 26. Nxe5 Qxf4 27. Nd3 Qg5 28. Qb3 Qg7 29. Rf1 Nd2 30. Qb4 Nxf1 31. Kxf1 Qf8+ 32. Qxf8+ Rxf8+ 0-1


[Site "https://www.chess.com"]